TOP OF THE 1ST |
Butler Bulldogs batting - Pitching for Utah Utes : RHP Wes Meeks
|
Pitching: RHP Wes Meeks
|
|
Batting: RHB Weldon Duke
|
0-0: Swinging Strike 0-1: Foul Ball, location: 2F 0-2: Fly out, F5 (Line Drive, 56)
|
Batting: RHB Mark Oliver
|
0-0: Ball 1-0: Ball 2-0: Ball 3-0: Foul Ball, location: 2F 3-1: Foul Ball, location: 2F 3-2: Strikes out swinging
|
Batting: RHB Chris Miles
|
0-0: Ball 1-0: Foul Ball, location: 2F 1-1: Ground out 4-3 (Groundball, 4MD)
|
Top of the 1st over - 0 run(s), 0 hit(s), 0 error(s), 0 left on base; Butler 0 - Utah 0 |
BOTTOM OF THE 1ST |
Utah Utes batting - Pitching for Butler Bulldogs : LHP Iván Rangel
|
Pitching: LHP Iván Rangel
|
|
Batting: RHB Larry Storms
|
0-0: Foul Ball, location: 2F 0-1: SINGLE (Line Drive, 7S)
|
Batting: SHB Jeff Hernández
|
0-0: Grounds into double play, 4-6-3 (Groundball, 4)
|
Batting: SHB Ramón Velázquez
|
0-0: Called Strike 0-1: Called Strike 0-2: DOUBLE (Flyball, 9D) - OUT at third base trying to stretch hit.
|
Bottom of the 1st over - 0 run(s), 2 hit(s), 0 error(s), 0 left on base; Butler 0 - Utah 0 |
TOP OF THE 2ND |
Butler Bulldogs batting - Pitching for Utah Utes : RHP Wes Meeks
|
Batting: LHB José Rivas
|
0-0: Foul Ball, location: 2F 0-1: Foul Ball, location: 2F 0-2: Foul Ball, location: 2F 0-2: Ball 1-2: Fly out, F4 (Line Drive, 4)
|
Batting: RHB Howard Reed
|
0-0: Ball 1-0: Called Strike 1-1: Called Strike 1-2: Ball 2-2: SINGLE (Groundball, 34D)
|
Batting: RHB Daniel Bennett
|
0-0: Called Strike 0-1: Swinging Strike 0-2: Ball 1-2: Ball 2-2: Fly out, F8 (Flyball, 8LS)
|
Batting: RHB Foster Love
|
0-0: Ball 1-0: Called Strike 1-1: Ball 2-1: SINGLE (Flyball, 89M) Howard Reed to second Runner from 2nd tries for 3rd, SAFE, throw made to third
|
Batting: LHB Darryl Kirby
|
0-0: Called Strike 0-1: Ball 1-1: Ball 2-1: Fly out, F7 (Flyball, 7S)
|
Top of the 2nd over - 0 run(s), 2 hit(s), 0 error(s), 2 left on base; Butler 0 - Utah 0 |
BOTTOM OF THE 2ND |
Utah Utes batting - Pitching for Butler Bulldogs : LHP Iván Rangel
|
Batting: SHB John May
|
0-0: Ball 1-0: Called Strike 1-1: Foul Ball, location: 2F 1-2: Strikes out looking
|
Batting: RHB Randy Banks
|
0-0: Ball 1-0: Ball 2-0: Swinging Strike 2-1: Ball 3-1: Foul Ball, location: 2F 3-2: Base on Balls
|
Batting: LHB Robby Bland
|
0-0: Called Strike 0-1: 2-RUN HOME RUN (Flyball, 9D), Distance : 395 ft
|
Batting: SHB Pablo Miranda
|
0-0: Swinging Strike 0-1: Ball 1-1: Swinging Strike 1-2: Strikes out swinging
|
Batting: SHB Glenn Hinton
|
0-0: Called Strike 0-1: Swinging Strike 0-2: Ball 1-2: Ground out 5-3 (Groundball, 56S)
|
Bottom of the 2nd over - 2 run(s), 1 hit(s), 0 error(s), 0 left on base; Butler 0 - Utah 2 |
TOP OF THE 3RD |
Butler Bulldogs batting - Pitching for Utah Utes : RHP Wes Meeks
|
Batting: SHB Kel Davis
|
0-0: Ground out 4-3 (Groundball, 4MS)
|
Batting: RHB Weldon Duke
|
0-0: Ball 1-0: Ball 2-0: Ball 3-0: Called Strike 3-1: Swinging Strike 3-2: Base on Balls
|
Batting: RHB Mark Oliver
|
0-0: Foul Ball, location: 2F 0-1: Ball 1-1: Ball 2-1: Swinging Strike 2-2: Foul Ball, location: 2F 2-2: Foul Ball, location: 2F 2-2: Strikes out swinging
|
Batting: RHB Chris Miles
|
0-0: Foul Ball, location: 2F 0-1: Called Strike 0-2: Ball 1-2: Ball 2-2: Foul Ball, location: 2F 2-2: Foul Ball, location: 2F 2-2: Ground out 5-3 (Groundball, 56S)
|
Top of the 3rd over - 0 run(s), 0 hit(s), 0 error(s), 1 left on base; Butler 0 - Utah 2 |
BOTTOM OF THE 3RD |
Utah Utes batting - Pitching for Butler Bulldogs : LHP Iván Rangel
|
Batting: SHB Carlos Mesa
|
0-0: Fly out, F8 (Flyball, 89M)
|
|
|
Batting: RHB Larry Storms
|
0-0: Ball 1-0: Ball 2-0: Called Strike 2-1: SINGLE (Line Drive, 4MD)
|
Batting: SHB Jeff Hernández
|
0-0: Ball 1-0: Called Strike 1-1: Ball 2-1: Ball 3-1: Foul Ball, location: 2F 3-2: Strikes out swinging
|
Batting: SHB Ramón Velázquez
|
0-0: Ball 1-0: Called Strike 1-1: Foul Ball, location: 2F 1-2: Foul Ball, location: 2F 1-2: Strikes out looking
|
Bottom of the 3rd over - 0 run(s), 1 hit(s), 0 error(s), 1 left on base; Butler 0 - Utah 2 |
TOP OF THE 4TH |
Butler Bulldogs batting - Pitching for Utah Utes : RHP Wes Meeks
|
Batting: LHB José Rivas
|
0-0: Ball 1-0: Swinging Strike 1-1: Called Strike 1-2: Ball 2-2: Strikes out looking
|
Batting: RHB Howard Reed
|
0-0: Swinging Strike 0-1: Ball 1-1: Called Strike Error on foul ball, E2 1-2: Foul Ball, location: 2F 1-2: Foul Ball, location: 2F 1-2: Ball 2-2: Ground out 6-3 (Groundball, 6)
|
Batting: RHB Daniel Bennett
|
0-0: Ball 1-0: Swinging Strike 1-1: Ball 2-1: Ground out 1-3 (Groundball, 13)
|
Top of the 4th over - 0 run(s), 0 hit(s), 1 error(s), 0 left on base; Butler 0 - Utah 2 |
BOTTOM OF THE 4TH |
Utah Utes batting - Pitching for Butler Bulldogs : LHP Iván Rangel
|
Batting: SHB John May
|
0-0: Swinging Strike 0-1: Ball 1-1: Foul Ball, location: 2F 1-2: Strikes out looking
|
Batting: RHB Randy Banks
|
0-0: Ball 1-0: Swinging Strike 1-1: Foul Ball, location: 2F 1-2: Foul Ball, location: 2F 1-2: Fly out, F6 (Popup, 6S)
|
Batting: LHB Robby Bland
|
0-0: Called Strike 0-1: Swinging Strike 0-2: Foul Ball, location: 2F 0-2: Ball 1-2: Fly out, F9 (Flyball, 9S)
|
Bottom of the 4th over - 0 run(s), 0 hit(s), 0 error(s), 0 left on base; Butler 0 - Utah 2 |
TOP OF THE 5TH |
Butler Bulldogs batting - Pitching for Utah Utes : RHP Wes Meeks
|
Batting: RHB Foster Love
|
0-0: Ball 1-0: Ball 2-0: Ball 3-0: Foul Ball, location: 2F 3-1: DOUBLE (Flyball, 78D)
|
Batting: LHB Darryl Kirby
|
0-0: Called Strike 0-1: Foul Ball, location: 2F 0-2: Ball 1-2: Fly out, F7 (Flyball, 7S)
|
Pitching: RHP Albert Cole
|
|
Batting: SHB Kel Davis
|
0-0: Ball 1-0: Ball 2-0: Fly out, F7 (Flyball, 7D) Runner from 2nd tags up, SAFE at 3rd, no throw
|
Batting: RHB Weldon Duke
|
0-0: Ball 1-0: Ball 2-0: Called Strike 2-1: Swinging Strike 2-2: Strikes out swinging
|
Top of the 5th over - 0 run(s), 1 hit(s), 0 error(s), 1 left on base; Butler 0 - Utah 2 |
BOTTOM OF THE 5TH |
Utah Utes batting - Pitching for Butler Bulldogs : LHP Iván Rangel
|
Batting: SHB Pablo Miranda
|
0-0: Ball 1-0: Called Strike 1-1: Foul Ball, location: 2F 1-2: Strikes out looking
|
Batting: SHB Glenn Hinton
|
0-0: Ball 1-0: Foul Ball, location: 2F 1-1: Ball 2-1: Ball 3-1: Fly out, F3 (Popup, 3L)
|
Batting: SHB Carlos Mesa
|
0-0: Called Strike 0-1: Swinging Strike 0-2: Strikes out swinging
|
Bottom of the 5th over - 0 run(s), 0 hit(s), 0 error(s), 0 left on base; Butler 0 - Utah 2 |
TOP OF THE 6TH |
Butler Bulldogs batting - Pitching for Utah Utes : RHP Albert Cole
|
Batting: RHB Mark Oliver
|
0-0: Ball 1-0: Ball 2-0: Ground out 6-3 (Groundball, 6)
|
Batting: RHB Chris Miles
|
0-0: Called Strike 0-1: Ball 1-1: Foul Ball, location: 2F 1-2: Fly out, F9 (Flyball, 9D)
|
Batting: LHB José Rivas
|
0-0: Foul Ball, location: 2F 0-1: Swinging Strike 0-2: Ball 1-2: Foul Ball, location: 2F 1-2: Ball 2-2: Ball 3-2: Base on Balls
|
Batting: RHB Howard Reed
|
0-0: Ball 1-0: Called Strike 1-1: Ball 2-1: Ball 3-1: Foul Ball, location: 2F 3-2: Foul Ball, location: 2F 3-2: Fly out, F9 (Flyball, 89M)
|
Top of the 6th over - 0 run(s), 0 hit(s), 0 error(s), 1 left on base; Butler 0 - Utah 2 |
BOTTOM OF THE 6TH |
Utah Utes batting - Pitching for Butler Bulldogs : LHP Iván Rangel
|
Batting: RHB Larry Storms
|
0-0: Foul Ball, location: 2F 0-1: Ball 1-1: Ground out U3 (Groundball, 34)
|
Batting: SHB Jeff Hernández
|
0-0: Ball 1-0: Ball 2-0: Foul Ball, location: 2F 2-1: SINGLE (Flyball, 78S)
|
Batting: SHB Ramón Velázquez
|
0-0: Fly out, F8 (Flyball, 8RM)
|
Batting: SHB John May
|
0-0: Ball 1-0: Foul Ball, location: 2F 1-1: Fly out, F8 (Flyball, 78XD)
|
Bottom of the 6th over - 0 run(s), 1 hit(s), 0 error(s), 1 left on base; Butler 0 - Utah 2 |
TOP OF THE 7TH |
Butler Bulldogs batting - Pitching for Utah Utes : RHP Albert Cole
|
Batting: RHB Daniel Bennett
|
0-0: SOLO HOME RUN (Flyball, 78XD), Distance : 437 ft
|
Batting: RHB Foster Love
|
0-0: Ball 1-0: Foul Ball, location: 2F 1-1: Foul Ball, location: 2F 1-2: Ball 2-2: Fly out, F9 (Flyball, 9S)
|
Batting: LHB Darryl Kirby
|
0-0: Ball 1-0: Ball 2-0: Called Strike 2-1: Ball 3-1: Fly out, F8 (Flyball, 8LM)
|
Batting: SHB Kel Davis
|
0-0: Ball 1-0: Ball 2-0: Ball 3-0: Base on Balls
|
Pinch Hitting: RHB Javier Águila
|
0-0: Ball 1-0: Called Strike 1-1: Foul Ball, location: 2F 1-2: Strikes out looking
|
Top of the 7th over - 1 run(s), 1 hit(s), 0 error(s), 1 left on base; Butler 1 - Utah 2 |
BOTTOM OF THE 7TH |
Utah Utes batting - Pitching for Butler Bulldogs : LHP Iván Rangel
|
Now in RF: Arnold Bernard
|
|
Batting: RHB Randy Banks
|
0-0: Ball 1-0: Foul Ball, location: 2F 1-1: DOUBLE (Line Drive, 7)
|
Pitching: RHP Jorge Esparza
|
|
Pinch Hitting: RHB Rafael Cardenas
|
0-0: Intentional Walk
|
Batting: SHB Pablo Miranda
|
0-0: Ball 1-0: Ball 2-0: Called Strike 2-1: Ball 3-1: Base on Balls Randy Banks to third Rafael Cardenas to second
|
Batting: SHB Glenn Hinton
|
0-0: SINGLE (Flyball, 8LS) Randy Banks scores Rafael Cardenas to third Pablo Miranda to second
|
Batting: SHB Carlos Mesa
|
0-0: Swinging Strike 0-1: Ball 1-1: Fly out, F9 (Flyball, 9) Runner from 3rd tags up, SCORES, throw made
|
Batting: RHB Larry Storms
|
0-0: SINGLE (Line Drive, 3S) Pablo Miranda to third Glenn Hinton to second
|
Batting: SHB Jeff Hernández
|
0-0: Called Strike 0-1: Foul Ball, location: 2F 0-2: Ball 1-2: Grounds into fielders choice 1-2 (Groundball, 15S) Glenn Hinton to third Larry Storms to second
|
Batting: SHB Ramón Velázquez
|
0-0: Fly out, F8 (Flyball, 8LM)
|
Bottom of the 7th over - 2 run(s), 3 hit(s), 0 error(s), 3 left on base; Butler 1 - Utah 4 |
TOP OF THE 8TH |
Butler Bulldogs batting - Pitching for Utah Utes : RHP Albert Cole
|
Now at 1B: Rafael Cardenas
|
|
Batting: RHB Mark Oliver
|
0-0: Ball 1-0: Ball 2-0: Called Strike 2-1: Ball 3-1: Swinging Strike 3-2: Ground out 6-3 (Groundball, 6)
|
Batting: RHB Chris Miles
|
0-0: Ball 1-0: Swinging Strike 1-1: Ball 2-1: Called Strike 2-2: Fly out, F9 (Flyball, 9)
|
Pitching: RHP Bruno Poulin
|
|
Batting: LHB José Rivas
|
0-0: Swinging Strike 0-1: Ball 1-1: Ball 2-1: Fly out, F8 (Flyball, 78M)
|
Top of the 8th over - 0 run(s), 0 hit(s), 0 error(s), 0 left on base; Butler 1 - Utah 4 |
BOTTOM OF THE 8TH |
Utah Utes batting - Pitching for Butler Bulldogs : RHP Jorge Esparza
|
Batting: SHB John May
|
0-0: Ground out 3-1 (Groundball, 34)
|
Batting: RHB Randy Banks
|
0-0: Ball 1-0: Foul Ball, location: 2F 1-1: SINGLE (Groundball, 34D)
|
Batting: RHB Rafael Cardenas
|
0-0: Ball 1-0: Foul Ball, location: 2F 1-1: Ball 2-1: SINGLE (Line Drive, 89S) Randy Banks to second
|
Batting: SHB Pablo Miranda
|
0-0: Called Strike 0-1: Called Strike 0-2: Fly out, F7 (Flyball, 7LS)
|
Batting: SHB Glenn Hinton
|
0-0: Fly out, F6 (Line Drive, 6M)
|
Bottom of the 8th over - 0 run(s), 2 hit(s), 0 error(s), 2 left on base; Butler 1 - Utah 4 |
TOP OF THE 9TH |
Butler Bulldogs batting - Pitching for Utah Utes : RHP Bruno Poulin
|
Pitching: RHP Brandon Jiménez
|
|
Batting: RHB Howard Reed
|
0-0: Ball 1-0: Ground out 6-3 (Groundball, 6)
|
Batting: RHB Daniel Bennett
|
0-0: Called Strike 0-1: Swinging Strike 0-2: Ball 1-2: Fly out, F9 (Flyball, 89S)
|
Batting: RHB Foster Love
|
0-0: Called Strike 0-1: Swinging Strike 0-2: Ball 1-2: Foul Ball, location: 2F 1-2: Ball 2-2: Ball 3-2: Base on Balls
|
Batting: LHB Darryl Kirby
|
0-0: Called Strike 0-1: Foul Ball, location: 2F 0-2: Foul Ball, location: 2F 0-2: Strikes out looking
|
Top of the 9th over - 0 run(s), 0 hit(s), 0 error(s), 1 left on base; Butler 1 - Utah 4 |
|
Thursday, March 30th, 2017 - OOTP Baseball 17.12 Build 75
|
|